AAA
QUEBEC FIGHTING QUAKERS @ PORTSMOUTH ATLANTICS
06/03/2060
 
TOP OF THE 1ST
Quebec Fighting Quakers batting - Pitching for Portsmouth Atlantics : RHP Kentavious Saldana
Pitching: RHP Kentavious Saldana
Batting: LHB Kaleb Roelofs 0-0: Swinging Strike
0-1: Foul Ball, location: 2F
0-2: Strikes out looking
Batting: LHB Neil Fedunina 0-0: Ground out 4-3 (Groundball, 4, EV 101.2 MPH)
Batting: RHB Evan Bocian 0-0: Swinging Strike
0-1: Foul Ball, location: 2F
0-2: Ground out U3 (Groundball, 34, EV 86.2 MPH)
Top of the 1st over - 0 runs, 0 hits, 0 errors, 0 left on base; Quebec 0 - Portsmouth 0
BOTTOM OF THE 1ST
Portsmouth Atlantics batting - Pitching for Quebec Fighting Quakers : RHP Ky Forbes
Pitching: RHP Ky Forbes
Batting: RHB Kris McKay 0-0: Swinging Strike
0-1: Swinging Strike
0-2: Strikes out swinging
Batting: LHB Samir Zogjani 0-0: Called Strike
0-1: Called Strike
0-2: Foul Ball, location: 2F
0-2: Ball
1-2: Strikes out swinging, 2-3 out at first.
Batting: RHB Chase Hagarty 0-0: Ground out 3-1 (Groundball, 34S, EV 83.8 MPH)
Bottom of the 1st over - 0 runs, 0 hits, 0 errors, 0 left on base; Quebec 0 - Portsmouth 0
TOP OF THE 2ND
Quebec Fighting Quakers batting - Pitching for Portsmouth Atlantics : RHP Kentavious Saldana
Batting: LHB Kevyn O'Flynn 0-0: SINGLE (Line Drive, 7S, EV 88.1 MPH)
Batting: RHB TeMarcus Turner 0-0: Called Strike
0-1: Called Strike
0-2: Ball
1-2: Ball
2-2: Foul Ball, location: 2F
2-2: Fly out, F9 (Flyball, 89S, EV 91.9 MPH)
Batting: RHB Andy Christman 0-0: Called Strike
Kevyn O'Flynn steals 2nd base
0-1: Foul Ball, location: 2F
0-2: Ball
1-2: Ground out U3 (Groundball, 23, EV 79.4 MPH)
Kevyn O'Flynn to third
Batting: RHB Charleston Chesney 0-0: Called Strike
0-1: Foul Ball, location: 2F
0-2: Ball
1-2: Ball
2-2: Ground out U3 (Groundball, 34, EV 83.8 MPH)
Top of the 2nd over - 0 runs, 1 hit, 0 errors, 1 left on base; Quebec 0 - Portsmouth 0
BOTTOM OF THE 2ND
Portsmouth Atlantics batting - Pitching for Quebec Fighting Quakers : RHP Ky Forbes
Batting: SHB Semaj Ramirez 0-0: Ball
1-0: Called Strike
1-1: Ball
2-1: Called Strike
2-2: Strikes out swinging
Batting: RHB Jayson Hart 0-0: Called Strike
0-1: Ball
1-1: TRIPLE (Line Drive, 8LXD, EV 99.4 MPH)
Batting: RHB Jericho Gurgenidze 0-0: Ball
1-0: Foul Ball, location: 2F
1-1: Ground out 6-3 (Groundball, 6, EV 105.0 MPH)
Jayson Hart scores
Batting: RHB Justen Brown 0-0: Ball
1-0: Foul Ball, location: 2F
1-1: Ball
2-1: Foul Ball, location: 2F
2-2: Foul Ball, location: 2F
2-2: Ground out 6-3 (Groundball, 6, EV 96.9 MPH)
Bottom of the 2nd over - 1 run, 1 hit, 0 errors, 0 left on base; Quebec 0 - Portsmouth 1
TOP OF THE 3RD
Quebec Fighting Quakers batting - Pitching for Portsmouth Atlantics : RHP Kentavious Saldana
Batting: RHB Sean Groom 0-0: Ball
1-0: Ball
2-0: Called Strike
2-1: Foul Ball, location: 2F
2-2: SINGLE (Groundball, 6MD, EV 98.8 MPH)
Batting: RHB Kyle Long 0-0: Ball
1-0: Called Strike
Balk!
Sean Groom to second
1-1: Ball
2-1: SINGLE (Groundball, 56D, EV 101.9 MPH)
Sean Groom to third
Batting: LHB Kaleb Roelofs 0-0: Ball
1-0: SINGLE (Line Drive, 7S, EV 93.8 MPH)
Sean Groom scores
Kyle Long to second
Batting: LHB Neil Fedunina 0-0: Called Strike
0-1: Ball
1-1: Called Strike
1-2: Ball
2-2: Ball
3-2: Strikes out swinging
Batting: RHB Evan Bocian 0-0: Called Strike
0-1: Grounds into double play, 6-4-3 (Groundball, 6, EV 89.4 MPH)
Top of the 3rd over - 1 run, 3 hits, 0 errors, 1 left on base; Quebec 1 - Portsmouth 1
BOTTOM OF THE 3RD
Portsmouth Atlantics batting - Pitching for Quebec Fighting Quakers : RHP Ky Forbes
Batting: RHB Liam Walker 0-0: Ball
1-0: Ball
2-0: Ball
3-0: Called Strike
3-1: Swinging Strike
3-2: SINGLE (Groundball, 56S, EV 63.8 MPH) (infield hit)
Batting: RHB Darius Brown 0-0: Ball
Liam Walker steals 2nd base
1-0: Called Strike
1-1: Foul Ball, location: 2F
1-2: Ball
2-2: Strikes out looking
Batting: RHB Kris McKay 0-0: Ball
1-0: DOUBLE (Groundball, 5L, EV 104.4 MPH)
Liam Walker scores
Batting: LHB Samir Zogjani 0-0: SINGLE (Groundball, 4D, EV 98.1 MPH)
Kris McKay to third
Runner from 3rd tries for Home, SAFE, throw by CF to home
Batting: RHB Chase Hagarty 0-0: Foul Ball, location: 2F
Pickoff Throw to First - Out! 1-3 CS
0-1: Ball
1-1: Swinging Strike
1-2: Ball
2-2: Strikes out swinging
Bottom of the 3rd over - 2 runs, 3 hits, 0 errors, 0 left on base; Quebec 1 - Portsmouth 3
TOP OF THE 4TH
Quebec Fighting Quakers batting - Pitching for Portsmouth Atlantics : RHP Kentavious Saldana
Batting: LHB Kevyn O'Flynn 0-0: Called Strike
0-1: Ball
1-1: Foul Ball, location: 2F
1-2: SOLO HOME RUN (Flyball, 9D, EV 99.4 MPH), Distance : 387 ft
Batting: RHB TeMarcus Turner 0-0: Ball
1-0: Ball
2-0: Fly out, F8 (Flyball, 78S, EV 87.5 MPH)
Batting: RHB Andy Christman 0-0: Ground out 6-3 (Groundball, 6, EV 83.1 MPH)
Batting: RHB Charleston Chesney 0-0: Fly out, F9 (Flyball, 9LM, EV 101.2 MPH)
Top of the 4th over - 1 run, 1 hit, 0 errors, 0 left on base; Quebec 2 - Portsmouth 3
BOTTOM OF THE 4TH
Portsmouth Atlantics batting - Pitching for Quebec Fighting Quakers : RHP Ky Forbes
Batting: SHB Semaj Ramirez 0-0: Ball
1-0: Ball
2-0: Called Strike
2-1: Foul Ball, location: 2F
2-2: Foul Ball, location: 2F
2-2: Foul Ball, location: 2F
2-2: Foul Ball, location: 2F
2-2: Ball
3-2: Foul Ball, location: 2F
3-2: Base on Balls
Batting: RHB Jayson Hart 0-0: Ball
1-0: Ball
2-0: Ball
Semaj Ramirez steals 2nd base
3-0: Called Strike
3-1: SINGLE (Line Drive, 89S, EV 93.1 MPH)
Semaj Ramirez to third
Runner from 3rd tries for Home, SAFE, throw by RF to home
Batting: RHB Jericho Gurgenidze 0-0: Swinging Strike
0-1: Foul Ball, location: 2F
0-2: Ball
1-2: SINGLE (Line Drive, 4MD, EV 104.4 MPH)
Jayson Hart to second
Batting: RHB Justen Brown 0-0: DOUBLE (Line Drive, 7LD, EV 113.8 MPH)
Jayson Hart scores
Jericho Gurgenidze to third
Pitching: RHP Carter Byers
Batting: RHB Liam Walker 0-0: Foul Ball, location: 2F
0-1: Swinging Strike
0-2: Strikes out swinging
Batting: RHB Darius Brown 0-0: Ground out 6-3 (Groundball, 6, EV 83.1 MPH)
Jericho Gurgenidze scores
Batting: RHB Kris McKay 0-0: Called Strike
0-1: Ball
1-1: SINGLE (Groundball, 56D, EV 103.8 MPH)
Justen Brown to third
Runner from 3rd tries for Home, SAFE, throw by LF to home
Batting: LHB Samir Zogjani 0-0: Ball
1-0: Called Strike
Kris McKay steals 2nd base (no throw)
1-1: Ball
2-1: Ball
3-1: Called Strike
3-2: Ground out U3 (Groundball, 34S, EV 86.2 MPH)
Bottom of the 4th over - 4 runs, 4 hits, 0 errors, 1 left on base; Quebec 2 - Portsmouth 7
TOP OF THE 5TH
Quebec Fighting Quakers batting - Pitching for Portsmouth Atlantics : RHP Kentavious Saldana
Batting: RHB Sean Groom 0-0: Called Strike
0-1: Ball
1-1: SINGLE (Line Drive, 34, EV 108.8 MPH)
Batting: RHB Kyle Long 0-0: Swinging Strike
0-1: Foul Ball, location: 2F
0-2: Ball
1-2: Grounds into double play, 3-6-1 (Groundball, 23, EV 92.5 MPH)
Batting: LHB Kaleb Roelofs 0-0: Ball
1-0: Reached on error, E5 (Groundball, 5S, EV 64.4 MPH)
Pitching: LHP Ed Bytheway
Batting: LHB Neil Fedunina 0-0: Foul Ball, location: 2F
0-1: DOUBLE (Line Drive, 3D, EV 94.4 MPH)
Kaleb Roelofs to third
Runner from 3rd tries for Home, SAFE, throw by RF to home
Batting: RHB Evan Bocian 0-0: Foul Ball, location: 2F
0-1: Ball
1-1: Ball
2-1: Ball
3-1: Base on Balls
Batting: LHB Kevyn O'Flynn 0-0: Foul Ball, location: 2F
0-1: Ball
1-1: Swinging Strike
1-2: Ground out 6-3 (Groundball, 6MS, EV 86.2 MPH)
Top of the 5th over - 1 run, 2 hits, 1 error, 2 left on base; Quebec 3 - Portsmouth 7
BOTTOM OF THE 5TH
Portsmouth Atlantics batting - Pitching for Quebec Fighting Quakers : RHP Carter Byers
Batting: RHB Chase Hagarty 0-0: Foul Ball, location: 2F
0-1: Ball
1-1: Foul Ball, location: 2F
1-2: Foul Ball, location: 2F
1-2: Foul Ball, location: 2F
1-2: Ball
2-2: Ball
3-2: Foul Ball, location: 2F
3-2: Base on Balls
Batting: SHB Semaj Ramirez 0-0: Called Strike
0-1: Ball
1-1: Ball
2-1: Fly out, F1 (Popup, 15, EV 69.4 MPH)
Batting: RHB Jayson Hart 0-0: Fly out, F8 (Line Drive, 8RM, EV 91.2 MPH)
Batting: RHB Jericho Gurgenidze 0-0: Called Strike
0-1: Foul Ball, location: 2F
0-2: Ball
1-2: Ball
2-2: SINGLE (Groundball, 34D, EV 105.6 MPH)
Chase Hagarty to second
Runner from 2nd tries for 3rd, SAFE, throw by RF made to third
Batting: RHB Justen Brown 0-0: Foul Ball, location: 2F
0-1: Ball
1-1: Swinging Strike
1-2: Ball
2-2: Strikes out swinging
Bottom of the 5th over - 0 runs, 1 hit, 0 errors, 2 left on base; Quebec 3 - Portsmouth 7
TOP OF THE 6TH
Quebec Fighting Quakers batting - Pitching for Portsmouth Atlantics : LHP Ed Bytheway
Batting: RHB TeMarcus Turner 0-0: Ball
1-0: Ground out 4-3 (Groundball, 4, EV 106.9 MPH)
Batting: RHB Andy Christman 0-0: Called Strike
0-1: Swinging Strike
0-2: Ball
1-2: Strikes out looking
Batting: RHB Charleston Chesney 0-0: Ball
1-0: Ball
2-0: Ball
3-0: Called Strike
3-1: Fly out, F9 (Flyball, 9, EV 91.9 MPH)
Top of the 6th over - 0 runs, 0 hits, 0 errors, 0 left on base; Quebec 3 - Portsmouth 7
BOTTOM OF THE 6TH
Portsmouth Atlantics batting - Pitching for Quebec Fighting Quakers : RHP Carter Byers
Batting: RHB Liam Walker 0-0: Ball
1-0: Ball
2-0: Called Strike
2-1: Called Strike
2-2: Strikes out looking
Batting: RHB Darius Brown 0-0: Called Strike
0-1: Swinging Strike
0-2: Ball
1-2: Ball
2-2: Ball
3-2: Ground out 6-3 (Groundball, 56D, EV 104.4 MPH)
Batting: RHB Kris McKay 0-0: Ball
1-0: Ball
2-0: Called Strike
2-1: Ball
3-1: Base on Balls
Pitching: LHP Dolan Porter
Batting: LHB Samir Zogjani 0-0: Called Strike
0-1: Called Strike
0-2: Ball
1-2: Foul Ball, location: 2F
1-2: Foul Ball, location: 2F
1-2: SINGLE (Line Drive, 78S, EV 103.8 MPH)
Kris McKay to second
Batting: RHB Chase Hagarty 0-0: SINGLE (Line Drive, 6D, EV 103.8 MPH)
Kris McKay to third
Samir Zogjani to second
Batting: SHB Semaj Ramirez 0-0: Foul Ball, location: 2F
0-1: Fly out, F4 (Line Drive, 4, EV 67.5 MPH)
Bottom of the 6th over - 0 runs, 2 hits, 0 errors, 3 left on base; Quebec 3 - Portsmouth 7
TOP OF THE 7TH
Quebec Fighting Quakers batting - Pitching for Portsmouth Atlantics : LHP Ed Bytheway
Batting: RHB Sean Groom 0-0: Called Strike
0-1: Foul Ball, location: 2F
0-2: Foul Ball, location: 2F
0-2: Strikes out swinging
Batting: RHB Kyle Long 0-0: Ball
1-0: Swinging Strike
1-1: DOUBLE (Line Drive, 7LS, EV 110.6 MPH)
Batting: LHB Kaleb Roelofs 0-0: Called Strike
0-1: Ball
1-1: Reached on error, E2 (Groundball, 2L, EV 63.8 MPH)
Kyle Long to third
Batting: LHB Neil Fedunina 0-0: Foul Ball, location: 2F
0-1: Swinging Strike
0-2: Foul Ball, location: 2F
0-2: Ball
1-2: Ball
2-2: Foul Ball, location: 2F
2-2: Fly out, F7 (Flyball, 7S, EV 89.4 MPH)
Pitching: RHP Samuel Holroyd
Batting: RHB Evan Bocian 0-0: Ground out 5-3 (Groundball, 56S, EV 85.0 MPH)
Top of the 7th over - 0 runs, 1 hit, 1 error, 2 left on base; Quebec 3 - Portsmouth 7
BOTTOM OF THE 7TH
Portsmouth Atlantics batting - Pitching for Quebec Fighting Quakers : LHP Dolan Porter
Batting: RHB Jayson Hart 0-0: Ball
1-0: Called Strike
1-1: Fly out, F3 (Popup, 3SF, EV 64.4 MPH)
Batting: RHB Jericho Gurgenidze 0-0: Called Strike
0-1: Ground out 6-3 (Groundball, 6, EV 105.6 MPH)
Batting: RHB Justen Brown 0-0: Foul Ball, location: 2F
0-1: Called Strike
0-2: Ball
1-2: Strikes out looking
Bottom of the 7th over - 0 runs, 0 hits, 0 errors, 0 left on base; Quebec 3 - Portsmouth 7
TOP OF THE 8TH
Quebec Fighting Quakers batting - Pitching for Portsmouth Atlantics : RHP Samuel Holroyd
Batting: LHB Kevyn O'Flynn 0-0: Fly out, F8 (Flyball, 8LXD, EV 103.1 MPH)
Batting: RHB TeMarcus Turner 0-0: Ball
1-0: Ball
2-0: Ball
3-0: Called Strike
3-1: Foul Ball, location: 2F
3-2: Fly out, F7 (Line Drive, 7S, EV 92.5 MPH)
Batting: RHB Andy Christman 0-0: Swinging Strike
0-1: Called Strike
0-2: Ball
1-2: Ball
2-2: Foul Ball, location: 2F
2-2: Strikes out swinging
Top of the 8th over - 0 runs, 0 hits, 0 errors, 0 left on base; Quebec 3 - Portsmouth 7
BOTTOM OF THE 8TH
Portsmouth Atlantics batting - Pitching for Quebec Fighting Quakers : LHP Dolan Porter
Batting: RHB Liam Walker 0-0: Swinging Strike
0-1: Foul Ball, location: 2F
0-2: Fly out, F9 (Flyball, 89M, EV 83.8 MPH)
Batting: RHB Darius Brown 0-0: Called Strike
0-1: Ball
1-1: Ball
2-1: Fly out, F2 (Popup, 3SF, EV 85.0 MPH)
Batting: RHB Kris McKay 0-0: Ball
1-0: Called Strike
1-1: Ball
2-1: Ball
3-1: Swinging Strike
3-2: Foul Ball, location: 2F
3-2: SINGLE (Line Drive, 78M, EV 98.1 MPH)
Batting: LHB Samir Zogjani 0-0: Ball
1-0: Ball
2-0: Ball
3-0: Called Strike
3-1: Fly out, F1 (Line Drive, P, EV 67.5 MPH)
Bottom of the 8th over - 0 runs, 1 hit, 0 errors, 1 left on base; Quebec 3 - Portsmouth 7
TOP OF THE 9TH
Quebec Fighting Quakers batting - Pitching for Portsmouth Atlantics : RHP Samuel Holroyd
Batting: RHB Charleston Chesney 0-0: Ball
1-0: Ball
2-0: Foul Ball, location: 2F
2-1: Ball
3-1: Foul Ball, location: 2F
3-2: Ground out 6-3 (Groundball, 56, EV 103.1 MPH)
Batting: RHB Sean Groom 0-0: Fly out, F8 (Flyball, 8LD, EV 98.1 MPH)
Batting: RHB Kyle Long 0-0: Ball
1-0: Foul Ball, location: 2F
1-1: Called Strike
1-2: Ball
2-2: Ball
3-2: Ground out 4-3 (Groundball, 34, EV 77.5 MPH)
Top of the 9th over - 0 runs, 0 hits, 0 errors, 0 left on base; Quebec 3 - Portsmouth 7
Sunday, May 5th , 2024 - OOTP Baseball 23.10 Build 110